 Dungeon Crawl Stone Soup version 0.23.1 (webtiles) character file.

Game seed: 14748364379229180606

333 Borgoz the Sneak (level 6, -7/47 HPs)
             Began as a Ghoul Enchanter on Mar 5, 2019.
             Mangled by Duvessa
             ... wielding a +3 short sword of electrocution
              (8 damage)
             ... on level 3 of the Dungeon.
             The game lasted 00:06:40 (3669 turns).

Borgoz the Sneak (Ghoul Enchanter)                  Turns: 3669, Time: 00:06:41

Health: -7/47      AC:  3    Str: 17    XL:     6   Next: 52%
Magic:  2/8        EV: 13    Int: 11    God:
Gold:   153        SH:  0    Dex: 14    Spells: 3/9 levels left

rFire    . . .     SeeInvis .   a - +5 dagger
rCold    + . .     Gourm    .   (no shield)
rNeg     + + +     Faith    .   h - +0 leather armour
rPois    ∞         Spirit   .   (no helmet)
rElec    .         Reflect  .   (no cloak)
rCorr    .         Harm     .   (no gloves)
MR       .....                  (no boots)
Stlth    ++........             (no amulet)
HPRegen  0.00/turn              s - +4 ring of dexterity
MPRegen  0.11/turn              (no ring)

@: mighty, very slightly contaminated, rotting
A: rotting body, claws 1, carnivore, cold resistance 1, negative energy
resistance 3, inhibited regeneration, torment resistance, unbreathing
a: no special abilities


You were on level 3 of the Dungeon.
You were not hungry.

You visited 1 branch of the dungeon, and saw 4 of its levels.

You collected 153 gold pieces.

Inventory:

Hand Weapons
 a - a +5 dagger (weapon)
Missiles
 c - 3 curare-tipped needles
 p - 6 poisoned needles
Armour
 b - a +0 robe
 h - a +0 leather armour (worn)
Jewellery
 s - a +4 ring of dexterity (left claw)
Scrolls
 f - a scroll of fog {unknown}
 g - 3 scrolls of remove curse {unknown}
 k - a scroll of enchant weapon {unknown}
 l - 3 scrolls of teleportation {unknown}
 n - a scroll of immolation {unknown}
 o - a scroll of blinking {unknown}
 r - 3 scrolls of enchant armour {unknown}
 t - a scroll of identify
Potions
 j - 2 potions of curing
 m - 2 potions of haste
 u - a potion of brilliance {unknown}
Comestibles
 d - 4 rations
 q - 4 chunks of flesh


   Skills:
 + Level 1.0 Fighting
 * Level 3.2 Short Blades
 + Level 1.6 Armour
 * Level 2.8 Dodging
 + Level 4.3 Stealth
 + Level 2.2 Spellcasting
 + Level 3.1 Hexes
 + Level 0.7 Ice Magic


You had 3 spell levels left.
You knew the following spells:

 Your Spells              Type           Power        Failure   Level  Hunger
a - Corona                Hex            #......      10%         1    ##.....
b - Ensorcelled Hibernat  Hex/Ice        #.....       22%         2    ###....
c - Confuse               Hex            #.......     28%         3    ####...

Your spell library contained the following spells:

 Spells                   Type           Power        Failure   Level  Hunger
 Tukima's Dance           Hex            #.......     28%         3    ####...
 Dazzling Spray           Conj/Hex       #.....       47%         3    ####...


Dungeon Overview and Level Annotations

Branches:
Dungeon (4/15)
 Temple: D:4-7

Altars:
Elyvilon
Gozag
Makhleb
Uskayaw
Xom
Zin
The Shining One

Annotations:
D:3 Duvessa


Innate Abilities, Weirdness & Mutations

Your body is rotting away.
You thrive on raw meat.
You are immune to poison.
You have sharp fingernails.
You are carnivorous and can eat meat at any time.
Your flesh is cold resistant. (rC+)
You are immune to negative energy. (rN+++)
You do not regenerate when monsters are visible.
You are immune to unholy pain and torment.
You can survive without breathing.


Message History

Duvessa resists with almost no effort.
Duvessa hits you with a +3 short sword of electrocution.
Casting: Confuse (safe; 30% risk of failure)
Confirm with . or Enter, or press ? or * to list all spells.
You don't have enough magic to cast that spell.
Unknown command.
You feel much better. Duvessa completely misses you.
Duvessa hits you with a +3 short sword of electrocution!
You are electrocuted!
You feel very mighty all of a sudden. Duvessa misses you.
You puncture Duvessa!
Duvessa is lightly wounded.
Duvessa hits you with a +3 short sword of electrocution.
Duvessa hits you with a +3 short sword of electrocution!
* * * LOW HITPOINT WARNING * * *
You hit Duvessa.
Duvessa is moderately wounded.
Duvessa hits you with a +3 short sword of electrocution!
You die...

.# #..####### .# #...#
.# #.#.######## .#
#.#........#
.####.#.......)#
#.....#........#########
#......................#
...(.###.#############.#
............>...@e.....#
..#.......##.###########
..#.......##.#
###.......)#.#
###........#.#
.##..........#
.##.......#..#
.##.......#..#
###.......##.#


You could see Duvessa (berserk).

Vanquished Creatures
  A centaur (D:2)
  Dowan (D:4)
  A crimson imp (D:3)
  A worker ant (D:3)
  A gnoll (D:1)
  3 adders
  2 oozes
  An adder zombie (D:3)
  A worm (D:2)
  3 dart slugs
  6 leopard geckos
  4 orcs (D:3)
  A ball python (D:3)
  3 giant cockroaches
  11 goblins
  7 hobgoblins
  2 jackals (D:3)
  15 bats
  8 kobolds
  4 rats
76 creatures vanquished.

Notes
Turn   | Place    | Note
-------+----------+-------------------------------------------
     0 | D:1      | Borgoz the Ghoul Enchanter began the quest for the Orb.
     0 | D:1      | Reached XP level 1. HP: 14/14 MP: 2/2
    94 | D:1      | Reached skill level 1 in Short Blades
   326 | D:1      | Reached XP level 2. HP: 15/20 MP: 3/3
   479 | D:1      | Learned a level 2 spell: Ensorcelled Hibernation
  1217 | D:1      | Reached XP level 3. HP: 24/26 MP: 1/4
  1688 | D:2      | Learned a level 3 spell: Confuse
  1759 | D:2      | Reached XP level 4. HP: 24/33 MP: 6/6
  2301 | D:2      | Found an opulent altar of Gozag.
  2452 | D:2      | Found a hide-covered altar of Uskayaw.
  2454 | D:2      | Noticed a centaur
  2468 | D:2      | Killed a centaur
  2468 | D:2      | Reached XP level 5. HP: 12/38 MP: 0/7
  2974 | D:3      | Reached skill level 1 in Armour
  3183 | D:3      | Reached skill level 4 in Stealth
  3223 | D:3      | Found a burning altar of Makhleb.
  3236 | D:3      | Reached XP level 6. HP: 43/46 MP: 5/8
  3274 | D:3      | Found a shimmering altar of Xom.
  3562 | D:3      | Found a glowing silver altar of Zin.
  3562 | D:3      | Found a glowing golden altar of the Shining One.
  3563 | D:3      | Found a white marble altar of Elyvilon.
  3653 | D:4      | Noticed Duvessa
  3657 | D:4      | Noticed Dowan
  3659 | D:4      | Killed Dowan
  3659 | D:4      | Reached skill level 1 in Fighting
  3668 | D:3      | HP: 1/47 [Duvessa/+3 short sword of electrocution (16)]
  3669 | D:3      | Mangled by Duvessa

Skill      XL: |  1  2  3  4  5  6 |
---------------+-------------------+-----
Short Blades   | 1 2 3 |  3.2
Dodging        | 2 |  2.8
Spellcasting   | 2 |  2.2
Hexes          | 3 |  3.1
Armour         | 1 |  1.6
Stealth        | 4 |  4.3
Fighting       | 1 |  1.0
Ice Magic      | |  0.7

Action                   |  1- 3 |  4- 6 || total
-------------------------+-------+-------++-------
Melee: Dagger            |   106 |   159 ||   265
 Cast: Ensorcelled Hiber |     6 |     9 ||    15
       Corona            |     1 |       ||     1
       Confuse           |       |     2 ||     2
  Use: Scroll            |     1 |     3 ||     4
       Potion            |       |     3 ||     3
 Stab: Sleeping          |     8 |    11 ||    19
  Eat: Chunk             |     6 |     6 ||    12
Armor: Robe              |     3 |       ||     3
       Leather armour    |    13 |    25 ||    38
Dodge: Dodged            |    68 |    82 ||   150
